 Dungeon Crawl Stone Soup version 0.30-a0-585-g93115170b9 (webtiles) character file.

Game seed: 8543987078742033209

18 Citaku the Covered (level 2, -8/27 HPs)
             Began as a Minotaur Fighter on Jan 2, 2023.
             Mangled by a wandering mushroom (13 damage)
             ... created by the enmity of Fedhas Madash
             ... on level 1 of the Dungeon.
             The game lasted 00:01:58 (577 turns).

Citaku the Covered (Minotaur Fighter)                Turns: 577, Time: 00:01:58

Health: -8/27      AC:  7    Str: 20    XL:     2   Next: 51%
Magic:  1/1        EV:  9    Int:  5    God:
Gold:   44         SH:  4    Dex:  9    Spells: 1/1 levels left

rFire   . . .      SeeInvis .    a - +0 war axe
rCold   . . .      Faith    .    c - +0 buckler
rNeg    . . .      Spirit   .    b - +0 scale mail
rPois   .          Reflect  .    (helmet restricted)
rElec   .          Harm     .    (no cloak)
rCorr   .          Rampage  .    (no gloves)
Will    .....                    (no boots) Stlth
                                 (no amulet)
HPRegen 0.24/turn                (no ring)
MPRegen 0.07/turn                (no ring)

@: no status effects
A: horns 2, retaliatory headbutt
a: no special abilities


You were on level 1 of the Dungeon.
You visited 1 branch of the dungeon, and saw 1 of its levels.

You collected 44 gold pieces.

Inventory:

Hand Weapons
 a - a +0 war axe (weapon)
Armour
 b - a +0 scale mail (worn)
 c - a +0 buckler (worn)
Jewellery
 e - a ring of poison resistance
Scrolls
 g - a scroll of identify {unknown}
Potions
 d - a potion of might
 f - a potion of curing {unknown}


   Skills:
 + Level 3.9 Fighting
 * Level 3.1 Axes
 * Level 4.1 Armour
 - Level 3.6 Shields


You had one spell level left.
You didn't know any spells.
Your spell library was empty.

Dungeon Overview and Level Annotations

Branches:
Dungeon (1/15)

Altars:
Fedhas

Annotations:
D:1 exclusion: 3 oklob plants


Innate Abilities, Weirdness & Mutations

You have a pair of horns on your head.
You reflexively headbutt those who attack you in melee.


Message History

The slug dart hits you. The dart slug launches a dart at you.
The slug dart hits you. The dart slug launches a dart at you.
The slug dart hits you.
You slash the dart slug!
You kill the dart slug!
You see here a dart slug corpse.
You now have 44 gold pieces (gained 8).
A goblin comes into view. It is wielding a +0 dagger.
The goblin shouts!
A goblin is nearby!
The goblin barely misses you. You furiously retaliate!
You headbutt the goblin. You hit the goblin.
You kill the goblin!
Things that are here:
a +0 dagger; a goblin corpse
g - a scroll labelled FOMAIT FAQEVAS Plants grow around you in an ominous manner.
Marking area around 3 oklob plants as unsafe for travelling. 3 oklob plants come into view.
Marking area around 3 oklob plants as unsafe for travelling.
The wandering mushroom releases spores at you!
You are engulfed in a cloud of spores!
The wandering mushroom releases spores at you but does no damage.
The oklob plant spits acid at you.
Fedhas protects a plant from harm.
The splash of acid misses you.
Fedhas protects a plant from harm.
The wandering mushroom releases spores at you but does no damage.
The wandering mushroom releases spores at you!
* * * LOW HITPOINT WARNING * * *
You are engulfed in a cloud of spores!
You block the wandering mushroom's attack.
The wandering mushroom attacks as you move away!
The wandering mushroom releases spores at you.
* * * LOW HITPOINT WARNING * * *
You are engulfed in a cloud of spores!
The wandering mushroom releases spores at you!
You die...

#.. #..###.######.# #.
..... ...# #.# ##
###..###..# #.# #..#
#..#####.#### #..#
#............ #.P#
#..#####.#### #..###..#
#.# #f.#....# #.#
.####@.#.#..#####.#
#....Pf.fP.........#
###########.#####.#######
#...g...# #.# #.#
#.#####.# #.# #.# #.# #.#
#.# #.# #.# #.# #.# #.#
#.#####.###.# #)#
###....†......#####.#


You could see 3 oklob plants and 3 wandering mushrooms.

Vanquished Creatures
  A dart slug (D:1)
  A bat (D:1)
  An endoplasm (D:1)
  3 goblins (D:1)
  2 hobgoblins (D:1)
  2 jackals (D:1)
  2 kobolds (D:1)
  A ball python (D:1)
  A frilled lizard (D:1)
14 creatures vanquished.

Notes
Turn   | Place    | Note
-------+----------+-------------------------------------------
     0 | D:1      | Citaku the Minotaur Fighter began the quest for the Orb.
     0 | D:1      | Reached XP level 1. HP: 19/19 MP: 0/0
   207 | D:1      | Found a faded altar of an unknown god.
   218 | D:1      | Prayed at the altar of an unknown god.
   218 | D:1      | Became a worshipper of Fedhas Madash
   218 | D:1      | Reached * piety under Fedhas
   219 | D:1      | Fell from the grace of Fedhas
   333 | D:1      | Reached XP level 2. HP: 19/27 MP: 1/1
   347 | D:1      | Reached skill level 4 in Armour
   574 | D:1      | Noticed a wandering mushroom
   574 | D:1      | Noticed a wandering mushroom
   574 | D:1      | Noticed a wandering mushroom
   574 | D:1      | Noticed an oklob plant
   574 | D:1      | Noticed an oklob plant
   574 | D:1      | Noticed an oklob plant
   577 | D:1      | Mangled by a wandering mushroom

Illustrated notes

Levels and vault maps discovered:
D:1:      grunt_arrival_crossed_arrows, layout_loops_ring,
          hellmonk_ecumenical_altar_crossroads

Skill      XL: |  1  2 |
---------------+-------+-----
Armour         | 4 |  4.1
Axes           | 3 |  3.1
Fighting       | |  3.9
Shields        | |  3.6

Action                   || total
-------------------------++-------
Melee: War axe           ||    19
Invok: Renounce Religion ||     1
Armor: Scale mail        ||    54
Dodge: Dodged            ||    49
Block: Buckler           ||    23

Table legend: (Time is in decaauts)
 A = Elapsed time spent in this place.
 B = Non-inter-level travel time spent in this place.
 C = Inter-level travel time spent in this place.
 D = Time resting spent in this place.
 E = Time spent auto-exploring this place.
 F = Levels seen in this place.
 G = Mean time per level.
                   A        B        C        D        E       F      G
               +--------+--------+--------+--------+--------+-----+--------+
         Total |    584 |    584 |      0 |      0 |    315 |   1 |  584.0 |
       Dungeon |    584 |    584 |      0 |      0 |    315 |   1 |  584.0 |
               +--------+--------+--------+--------+--------+-----+--------+

Top non-repeatable levels by time:
     D:1: 584 daAuts
